 Dungeon Crawl Stone Soup version 0.21.1-72-gffa868e0fe (webtiles) character file.

8236 SacredBeard the Blocker (level 11, -2/126 HPs)
             Began as a Human Berserker on Aug 3, 2018.
             Was a High Priest of Trog.
             Slain by a komodo dragon (24 damage)
             ... on level 10 of the Dungeon.
             The game lasted 00:58:04 (11119 turns).

SacredBeard the Blocker (Human Berserker)          Turns: 11119, Time: 00:58:05

Health: -2/126     AC: 12    Str: 23    XL:     11   Next: 52%
Magic:  0/11       EV: 11    Int:  7    God:    Trog [*****.]
Gold:   395        SH: 20    Dex: 16    Spells: 10/10 levels left

rFire    . . .     SeeInvis +   j - +2 whip (freeze)
rCold    . . .     Gourm    .   a - +2 large shield
rNeg     . . .     Faith    .   K - +0 plate armour
rPois    .         Spirit   +   (no helmet)
rElec    .         Reflect  .   (no cloak)
rCorr    .         Harm     .   (no gloves)
MR       .....                  (no boots)
Stlth    ..........             I - amulet of guardian spirit
HPRegen  0.31/turn              o - +3 ring of evasion
MPRegen  0.12/turn              k - ring of see invisible

@: berserking, very quick
A: no striking features
a: Berserk, Trog's Hand, Brothers in Arms, Burn Spellbooks, Renounce Religion


You were on level 10 of the Dungeon.
You worshipped Trog.
Trog was extremely pleased with you.
You were hungry.

You visited 1 branch of the dungeon, and saw 10 of its levels.
You also visited: Sewer.

You collected 707 gold pieces.
You spent 312 gold pieces at shops.

Inventory:

Hand Weapons
 j - a +2 whip of freezing (weapon)
 v - the +9 whip of Ashenzari {slash, *Slow rPois MP+9 SInv}
   (You found it on level 6 of the Dungeon)

   It inflicts extra damage upon your enemies.
   It protects you from poison.
   It affects your magic capacity (+9).
   It lets you see invisible.
   It may slow you when you take damage.
 G - a +1 whip of flaming
Armour
 a - a +2 large shield (worn)
 x - a +2 leather armour of fire resistance
 K - a +0 plate armour (worn)
Jewellery
 k - a ring of see invisible (right hand)
 o - a +3 ring of evasion (left hand)
 u - an uncursed ring of protection from fire
 y - an uncursed amulet of guardian spirit
 I - an amulet of guardian spirit (around neck)
Wands
 f - a wand of flame (19)
 q - a wand of disintegration (13)
 D - a wand of digging (15)
Scrolls
 g - 2 scrolls of identify
 h - 2 scrolls of blinking
 i - a scroll of enchant armour {unknown}
 l - 4 scrolls of remove curse
 r - a scroll of holy word {unknown}
 s - 4 scrolls of teleportation
 t - 3 scrolls of fear
 z - a scroll of brand weapon {unknown}
 A - 3 scrolls of enchant weapon
 B - 2 scrolls of fog {unknown}
Potions
 b - a potion of cancellation
 d - 2 potions of mutation
 e - a potion of heal wounds
 m - 2 potions of flight
 n - 4 potions of curing
 p - 3 potions of resistance
 w - 2 potions of brilliance
 E - 2 potions of might
 F - a potion of magic {unknown}
Comestibles
 c - 16 rations
 C - 13 chunks of flesh


   Skills:
 * Level 7.5 Fighting
 + Level 8.6 Maces & Flails
 + Level 5.1 Armour
 * Level 7.4 Dodging
 * Level 10.4 Shields


You had 10 spell levels left.
You didn't know any spells.

Dungeon Overview and Level Annotations

Branches:
Dungeon (10/15)            Temple (0/1) D:6            Lair (0/6) D:9
    Orc (0/2) D:9

Altars:
Dithmenos
Fedhas
Hepliaklqana
Kikubaaqudgha
Makhleb
Nemelex Xobeh
Okawaru
Qazlal
Trog
Uskayaw
Xom
Yredelemnul
Zin
The Shining One

Shops:
D:6 !   D:8 (}??*


Message History

You barely miss the komodo dragon.
The komodo dragon is lightly wounded.
You block the komodo dragon's attack.
You hit the komodo dragon but do no damage.
The komodo dragon is lightly wounded.
The komodo dragon bites you.
You hit the komodo dragon. You freeze the komodo dragon.
The komodo dragon is moderately wounded.
You block the komodo dragon's attack.
You hit the komodo dragon but do no damage.
The komodo dragon is moderately wounded.
You hit the komodo dragon. You freeze the komodo dragon.
The komodo dragon is moderately wounded.
The komodo dragon bites you!!
* * * LOW HITPOINT WARNING * * *
A red film seems to cover your vision as you go berserk!
You feel yourself moving faster!
You feel mighty!
You are feeling hungry.
The komodo dragon bites you!!
You die...

....................
...................
...................
#..........####... #
##..#.............#
..#.##.............._.#.
......#.##........#.....
.......#...........####.
#@....##.#....# ##
....<.l#.#####.##..##
........## #...####
.......# ##.## ......#
### ...... ...... ......


You could see a komodo dragon.

Vanquished Creatures
  A two-headed ogre (D:9)
  The ghost of Silim the Cleaver, a novice HuFi of the Shining One (D:8)
  Joseph (D:9)
  A troll (D:9)
  6 yaks (D:10)
  A hungry ghost (D:8)
  6 orc warriors
  3 sky beasts
  Purgy (Sewer)
  An ice beast (D:5)
  A necrophage (D:7)
  4 centaurs
  2 phantoms
  6 ogres
  3 big kobolds
  A wyvern zombie (D:9)
  2 gnoll sergeants (D:8)
  5 bullfrogs
  A water moccasin zombie (D:5)
  8 killer bees
  13 wights
  3 crimson imps
  2 jellies
  5 hounds
  A bullfrog zombie (D:8)
  A centaur skeleton (D:8)
  8 orc priests
  A bullfrog skeleton (D:10)
  2 iguanas
  10 orc wizards
  5 worker ants
  2 killer bee zombies
  A hound zombie (D:9)
  A hound skeleton (D:5)
  19 gnolls
  17 adders
  4 shadow imps
  A worm (D:4)
  2 dart slugs (D:1)
  6 leopard geckos
  41 orcs
  5 giant cockroaches
  7 hobgoblins
  16 jackals
  3 ball pythons
  15 bats
  5 frilled lizards
  5 goblins
  A jackal skeleton (D:5)
  23 kobolds
  A quokka zombie (D:8)
  4 rats
285 creatures vanquished.

Notes
Turn   | Place    | Note
-------+----------+-------------------------------------------
     0 | D:1      | SacredBeard the Human Berserker began the quest for the Orb.
     0 | D:1      | Reached XP level 1. HP: 18/18 MP: 1/1
   334 | D:1      | Reached XP level 2. HP: 20/24 MP: 2/2
   568 | D:1      | Reached XP level 3. HP: 25/29 MP: 3/3
  1012 | D:2      | Reached ** piety under Trog
  1161 | D:2      | Reached XP level 4. HP: 36/37 MP: 4/4
  1633 | D:2      | Found a sparkling altar of Nemelex Xobeh.
  2283 | D:3      | Reached XP level 5. HP: 42/42 MP: 5/5
  2298 | D:3      | Reached skill level 1 in Shields
  2313 | D:2      | HP: 2/42 [frilled lizard (1)]
  3300 | D:4      | HP: 2/42 [iguana (10)]
  3505 | D:4      | Reached skill level 2 in Shields
  3533 | D:4      | Reached XP level 6. HP: 32/48 MP: 6/6
  3567 | D:4      | Noticed a phantom
  3582 | D:4      | Killed a phantom
  3636 | D:4      | Found a shadowy altar of Dithmenos.
  3688 | D:4      | Found a glowing drain.
  3700 | Sewer    | Entered a sewer
  3730 | Sewer    | Noticed Purgy
  3745 | Sewer    | Killed Purgy
  3745 | Sewer    | Reached skill level 3 in Shields
  3745 | Sewer    | Reached XP level 7. HP: 41/55 MP: 7/7
  4280 | D:5      | Entered Level 5 of the Dungeon
  4758 | D:5      | Found a bloodstained altar of Trog.
  4759 | D:5      | Found an iron altar of Okawaru.
  4853 | D:5      | Reached skill level 4 in Shields
  4860 | D:5      | Reached XP level 8. HP: 61/61 MP: 8/8
  4888 | D:5      | Found a blossoming altar of Fedhas.
  5223 | D:6      | Found Uduhyfy's Distillery.
  5349 | D:6      | Reached *** piety under Trog
  5659 | D:6      | Reached skill level 5 in Fighting
  5730 | D:6      | Found a staircase to the Ecumenical Temple.
  5907 | D:6      | Reached skill level 5 in Shields
  5964 | D:6      | Reached skill level 5 in Maces & Flails
  6376 | D:6      | Got a warped whip
  6377 | D:6      | Identified the +9 whip of Ashenzari {slash, *Slow rPois MP+9 SInv} (You found it on level 6 of the Dungeon)
  6700 | D:6      | Reached XP level 9. HP: 68/68 MP: 9/9
  6732 | D:6      | Found a hazy altar of Hepliaklqana.
  6799 | D:6      | Found a hide-covered altar of Uskayaw.
  6917 | D:7      | Received a gift from Trog
  6927 | D:7      | Reached skill level 6 in Shields
  7302 | D:7      | Reached skill level 5 in Dodging
  7474 | D:7      | Found an ancient bone altar of Kikubaaqudgha.
  7564 | D:7      | Reached skill level 7 in Shields
  7595 | D:7      | Reached **** piety under Trog
  7645 | D:8      | Found Luesokh's Assorted Antiques.
  7660 | D:8      | Bought a scroll of enchant weapon for 187 gold pieces
  7660 | D:8      | Bought a glowing emerald amulet for 125 gold pieces
  7735 | D:8      | Found Zytif's Magic Scroll Emporium.
  7765 | D:8      | Reached XP level 10. HP: 76/76 MP: 10/10
  7849 | D:8      | Reached skill level 8 in Shields
  8056 | D:8      | Found a shimmering altar of Xom.
  8092 | D:8      | Found a basalt altar of Yredelemnul.
  8226 | D:8      | Noticed Silim's ghost (novice HuFi)
  8254 | D:8      | Killed Silim's ghost
  8261 | D:8      | Found Viulaokh's Weapon Emporium.
  8579 | D:8      | Found Dueh's Magic Scroll Emporium.
  8608 | D:8      | Found a stormy altar of Qazlal.
  8743 | D:8      | Found Kayqol's Gadget Boutique.
  8853 | D:8      | Reached ***** piety under Trog
  8925 | D:8      | Found a glowing golden altar of the Shining One.
  9044 | D:9      | Found a staircase to the Lair.
  9529 | D:9      | Found a staircase to the Orcish Mines.
  9579 | D:9      | Reached skill level 9 in Shields
  9732 | D:9      | Noticed a two-headed ogre
  9754 | D:9      | Reached XP level 11. HP: 84/84 MP: 11/11
  9774 | D:9      | Killed a two-headed ogre
 10061 | D:9      | Found a glowing silver altar of Zin.
 10066 | D:9      | Noticed Joseph
 10086 | D:9      | Killed Joseph
 10340 | D:9      | Received a gift from Trog
 10396 | D:9      | Reached skill level 10 in Shields
 10564 | D:9      | Reached skill level 5 in Armour
 10819 | D:10     | Entered Level 10 of the Dungeon
 10978 | D:10     | Found a burning altar of Makhleb.
 11119 | D:10     | Slain by a komodo dragon

Skill      XL: |  1  2  3  4  5  6  7  8  9 10 11 |
---------------+----------------------------------+-----
Fighting       | 4 5 6 7 |  7.5
Dodging        | 3 4 5 6 7 |  7.4
Shields        | 2 3 4 5 7 9 10 | 10.4
Maces & Flails | 4 5 6 8 |  8.6
Armour         | 3 4 5 |  5.1

Action                   |  1- 3 |  4- 6 |  7- 9 | 10-12 || total
-------------------------+-------+-------+-------+-------++-------
Melee: Mace              |   129 |    34 |       |       ||   163
       Whip              |       |   227 |   503 |   774 ||  1504
Invok: Berserk           |       |     3 |     8 |     7 ||    18
       Burn Spellbooks   |       |       |     2 |     1 ||     3
  Use: Scroll            |     8 |       |     7 |     4 ||    19
       Potion            |       |     1 |     2 |     5 ||     8
 Stab: Sleeping          |     1 |       |       |       ||     1
       Distracted        |       |       |       |     2 ||     2
  Eat: Chunk             |     1 |    10 |    18 |    21 ||    50
       Ration            |       |       |     1 |       ||     1
Armor: Animal skin       |    28 |       |       |       ||    28
       Ring mail         |    21 |    74 |     1 |       ||    96
       Scale mail        |       |       |    31 |       ||    31
       Leather armour    |       |       |    24 |    20 ||    44
       Plate armour      |       |       |       |    53 ||    53
Dodge: Dodged            |   114 |    83 |   122 |   151 ||   470
Block: Large shield      |       |   199 |   357 |   509 ||  1065
